 Dungeon Crawl Stone Soup version 0.27-a0-1448-g9c78c815f3 (webtiles) character file.

Game seed: 3291472640033731931

121 AarnesTheHuman the Shield-Bearer (level 5, -5/42 HPs)
             Began as a Formicid Fighter on July 5, 2021.
             Killed by nerve-wracking pain
             ... invoked by Grinder
              (6 damage)
             ... on level 3 of the Dungeon.
             The game lasted 00:03:39 (2575 turns).

AarnesTheHuman the Shield-Bearer (Formicid Fighter) Turns: 2575, Time: 00:03:39

Health: -5/42      AC:  8    Str: 21    XL:     5   Next: 26%
Magic:  5/5        EV:  8    Int:  8    God:
Gold:   97         SH: 10    Dex: 10    Spells: 4/4 levels left

rFire    + . .     SeeInvis +   k - +0 dagger (drain)
rCold    . . .     Faith    .   c - +0 kite shield
rNeg     . . .     Spirit   .   b - +0 scale mail
rPois    .         Reflect  .   (helmet unavailable)
rElec    .         Harm     .   (no cloak)
rCorr    .         Rampage  .   (no gloves)
Will     .....                  e - +0 pair of boots
Stlth    ..........             (no amulet)
HPRegen  0.14/turn              n - ring of protection from fire
MPRegen  0.09/turn              (no ring)

@: mighty
A: permanent stasis, dig shafts and tunnels, antennae 3, four strong arms
a: Dig, Shaft Self


You were on level 3 of the Dungeon.
You visited 1 branch of the dungeon, and saw 3 of its levels.

You collected 97 gold pieces.

Inventory:

Hand Weapons
 a - a +0 war axe
 j - a +0 dagger
 k - a +0 dagger of draining (weapon)
Armour
 b - a +0 scale mail (worn)
 c - a +0 kite shield (worn)
 e - a +0 pair of boots (worn)
Jewellery
 n - a ring of protection from fire (left hand)
Scrolls
 h - 2 scrolls of teleportation {unknown}
 i - a scroll of identify {unknown}
 l - a scroll of vulnerability {unknown}
 m - a scroll of noise {unknown}
Potions
 d - a potion of might
 f - a potion of brilliance {unknown}
 g - a potion of heal wounds {unknown}
 o - a potion of curing {unknown}


   Skills:
 + Level 4.1 Fighting
 - Level 2.0 Axes
 + Level 4.1 Armour
 * Level 5.4 Shields


You had 4 spell levels left.
You didn't know any spells.
Your spell library contained the following spells:

 Spells                   Type           Power      Damage    Failure   Level
 Manifold Assault         Tloc           0%         N/A       100%        5
 Storm Form               Tmut/Air       0%         N/A       100%        7
 Blink                    Tloc           Unusable   N/A       N/A         2

Dungeon Overview and Level Annotations

Branches:
Dungeon (3/15)

Altars:
Yredelemnul

Shops:
D:2 :

Annotations:
D:3 Grinder


Innate Abilities, Weirdness & Mutations

You cannot be hasted, slowed, berserked, paralysed or teleported.
You can dig through walls and to a lower floor.
You have a pair of large antennae on your head. (SInv)
Your four strong arms can wield two-handed weapons with a shield.


Message History

Grinder hits you but does no damage.
You hit Grinder but do no damage.
Grinder is lightly wounded.
Grinder hits you.
You writhe in agony.
Grinder closely misses you.
You hit Grinder.
Grinder is moderately wounded.
Grinder gestures at you.
You struggle to resist.
You hit Grinder.
Grinder is moderately wounded.
Grinder barely misses you.
You hit Grinder.
Grinder is moderately wounded.
Grinder blinks!
You are too injured to fight recklessly!
You are too injured to fight recklessly!
You feel very mighty all of a sudden. Grinder hits you but does no damage.
You closely miss Grinder.
Grinder is moderately wounded.
You block Grinder's attack.
You closely miss Grinder.
Grinder is moderately wounded.
Grinder hits you.
You writhe in agony.
* * * LOW HITPOINT WARNING * * *
You closely miss Grinder.
Grinder is moderately wounded.
You block Grinder's attack.
You hit Grinder.
Grinder is heavily wounded.
Grinder hits you.
* * * LOW HITPOINT WARNING * * *
You writhe in agony.
* * * LOW HITPOINT WARNING * * *
You hit Grinder.
Grinder is heavily wounded.
Grinder blinks! x2
Grinder gestures at you. Pain shoots through your body!
You die...

..###################.#
..'..................>#
..##############.######
...†........ #.#
#..######### #.#
##..####### #.#
.)........# #.######.
.........## #........
.....≈≈..# #@.#####.
....≈..≈.## #..#
≈≈..≈..≈≈≈## #5.#
..≈..≈..≈≈≈# #..#
..≈⌠.≈...≈≈# #.§#
≈.⌠≈..≈..≈≈# #...
≈..≈..≈..≈≈# ..###
.≈..≈≈...≈## ..#
.≈.......## ..#


You could see Grinder.

Vanquished Creatures
  3 adders
  4 gnolls
  A worm (D:2)
  A dart slug (D:3)
  11 ball pythons
  5 bats
  3 endoplasms
  5 giant cockroaches
  3 goblins (D:2)
  3 hobgoblins
  3 kobolds (D:2)
  3 quokkas
  3 frilled lizards
  5 rats
53 creatures vanquished.

Vanquished Creatures (others)
  2 demonic plants (D:1)
  A plant (D:1)
  A withered plant (D:1)
4 creatures vanquished.

Grand Total: 57 creatures vanquished

Notes
Turn   | Place    | Note
-------+----------+-------------------------------------------
     0 | D:1      | AarnesTheHuman the Formicid Fighter began the quest for the
                  | Orb.
     0 | D:1      | Reached XP level 1. HP: 18/18 MP: 1/1
   265 | D:1      | Reached XP level 2. HP: 23/24 MP: 2/2
   283 | D:1      | Reached skill level 4 in Shields
   366 | D:1      | Found a faded altar of an unknown god.
  1085 | D:2      | Reached XP level 3. HP: 29/29 MP: 3/3
  1369 | D:2      | Reached XP level 4. HP: 37/37 MP: 4/4
  1732 | D:2      | Found Xeneugam's Book Emporium.
  1740 | D:2      | Reached skill level 5 in Shields
  2279 | D:3      | Found a basalt altar of Yredelemnul.
  2400 | D:3      | Reached XP level 5. HP: 33/42 MP: 5/5
  2546 | D:3      | Noticed Grinder
  2573 | D:3      | HP: 1/42 [Grinder (2)]
  2575 | D:3      | Killed from afar by Grinder

Illustrated notes

Levels and vault maps discovered:
D:1:      dpeg_arrival_simpleton_a, layout_rooms, shapermc_ecumenical_altar_gd,
          minmay_misc_feat_diagonals, minmay_misc_feat_nine_boxes,
          minmay_shallow_snake_nest
D:2:      layout_basic, serial_shops, shop, minmay_bisected
D:3:      cheibrodos_helix_gallery, layout_basic, general_overflow_altar,
          nicolae_ru_sacrificial_ziggurat, okawaru_ov_weapons_minmay,
          grunt_decor_fettered, uniq_grinder

Skill      XL: |  1  2  3  4 |
---------------+-------------+-----
Shields        | 4 5 |  5.4
Fighting       | 4 |  4.1
Armour         | 4 |  4.1
Axes           | |  2.0

Action                   |  1- 3 |  4- 6 || total
-------------------------+-------+-------++-------
Melee: War axe           |    65 |       ||    65
       Dagger            |    57 |   138 ||   195
  Use: Potion            |       |     1 ||     1
Armor: Scale mail        |    48 |    47 ||    95
Dodge: Dodged            |    47 |    45 ||    92
Block: Kite shield       |    64 |    83 ||   147

Table legend: (Time is in decaauts)
 A = Elapsed time spent in this place.
 B = Non-inter-level travel time spent in this place.
 C = Inter-level travel time spent in this place.
 D = Time resting spent in this place.
 E = Time spent auto-exploring this place.
 F = Levels seen in this place.
 G = Mean time per level.
                   A        B        C        D        E       F      G
               +--------+--------+--------+--------+--------+-----+--------+
         Total |   2638 |   2591 |     47 |    528 |   1517 |   3 |  879.3 |
       Dungeon |   2638 |   2591 |     47 |    528 |   1517 |   3 |  879.3 |
               +--------+--------+--------+--------+--------+-----+--------+

Top non-repeatable levels by time:
     D:1: 1329 daAuts
     D:2: 983 daAuts
     D:3: 325 daAuts
